 Dungeon Sprint DCSS version bcrawl-1.19.2-6-g6a88ae04c9 (webtiles) character file.

Game seed: 4438874296737879767

151 Freyura the Cudgeler (level 5, 50/50 HPs)
             Began as a Minotaur Fighter on Jan 5, 2020.
             Got out of the dungeon alive.
             The game lasted 00:01:41 (385 turns).

Freyura the Cudgeler (Minotaur Fighter)              Turns: 385, Time: 00:01:42

Health: 50/50      AC:  7    Str: 20    XL:     5   Next: 10%
Magic:  4/4        EV: 10    Int:  5    God:
Gold:   0          SH: 10    Dex: 11    Spells: 4/4 levels left

rFire    . . .     SeeInvis .   a - +0 flail
rCold    . . .     Gourm    .   c - +0 shield
rNeg     . . .     Faith    .   b - +0 scale mail
rPois    .         Spirit   .   (helmet restricted)
rElec    .         Reflect  .   (no cloak)
rCorr    .         Harm     .   (no gloves)
MR       .....     NoTele   +   (no boots)
Stlth    ..........             (no amulet)
HPRegen  0.16/turn              (no ring)
MPRegen  0.09/turn              (no ring)

@: no status effects
A: retaliatory headbutt, horns 2
a: no special abilities


You escaped.
You were not hungry.

You visited 1 branch

Inventory:

Hand Weapons
 a - a +0 flail (weapon)
 p - the +9 sword of Zonguldrok {reap}
   (You found it in the Dungeon)

   If a monster killed with it leaves a corpse in good enough shape, the corpse
   will be animated as a zombie friendly to the killer.
Armour
 b - a +0 scale mail (worn)
 c - a +0 shield (worn)
Jewellery
 q - a +3 ring of strength
 r - a +3 ring of dexterity
Wands
 o - a wand of iceblast (10)
Scrolls
 k - 2 scrolls of blinking
 m - 3 scrolls of remove curse
 n - 2 scrolls of amnesia
Potions
 d - a potion of might
 e - 5 potions of curing
 g - 3 potions of heal wounds
 h - a potion of haste
 i - 4 potions of magic
 j - a potion of berserk rage
 l - a potion of invisibility
Comestibles
 f - a ration {!d}


   Skills:
 + Level 6.1 Fighting
 * Level 7.5 Maces & Flails
 + Level 6.1 Armour
 + Level 4.2 Dodging
 + Level 6.3 Shields


You had 4 spell levels left.
You didn't know any spells.
Your spell library was empty.

Dungeon Overview and Level Annotations

Branches:
Dungeon (1/1)

Altars:
Cheibriados
Dithmenos
Elyvilon
Fedhas
Gozag
Hepliaklqana
Kikubaaqudgha
Lugonu
Makhleb
Nemelex Xobeh
Okawaru
Qazlal
Ru
Sif Muna
Trog
Uskayaw
Vehumet
Wu Jian
Xom
Yredelemnul
Zin
The Shining One
Beogh
Jiyva


Innate Abilities, Weirdness & Mutations

You reflexively headbutt those who attack you in melee.
You have a pair of horns on your head.


Message History

There is a sparkling altar of Nemelex Xobeh here.
There is a burning altar of Makhleb here.
There is a corrupted altar of Lugonu here.
There is an ancient bone altar of Kikubaaqudgha here.
There is a viscous altar of Jiyva here.
There is a hazy altar of Hepliaklqana here.
There is an opulent altar of Gozag here.
There is a blossoming altar of Fedhas here.
There is a white marble altar of Elyvilon here.
There is a shadowy altar of Dithmenos here.
There is a snail-covered altar of Cheibriados here.
There is a roughly hewn altar of Beogh here.
There is an open door to the Temple here.
There is an open door, spattered with blood here.
You see here a +0 war axe.
There is an open door to the Dungeon, spattered with blood here.
Items here: ))) ÷÷÷
There is a staircase leading out of the dungeon here.
Are you sure you want to leave the Dungeon?
This will make you lose the game!
You have escaped! ▓▓▓▓▓▓▓▓▓▓▓▓▓▓▓▓▓▓ '.....).....)...@▓ ▓▓▓▓▓▓▓▓▓▓▓▓▓▓▓▓▓▓

There were no monsters in sight!

Vanquished Creatures
  A sky beast (D)
  2 worker ants (D)
  An orc (D)
  A ball python (D)
  A goblin (D)
  2 hobgoblins (D)
  A quokka (D)
  A rat (D)
10 creatures vanquished.

Notes
Turn   | Place    | Note
-------+----------+-------------------------------------------
     0 | D        | Freyura the Minotaur Fighter began the quest for the Orb.
     0 | D        | Reached XP level 1. HP: 19/19 MP: 0/0
     5 | D        | Reached skill level 3 in Maces & Flails
    19 | D        | Reached skill level 1 in Dodging
   100 | D        | Noticed a sky beast
   100 | D        | Noticed a worker ant
   100 | D        | Noticed a worker ant
   105 | D        | Killed a worker ant
   105 | D        | Reached skill level 4 in Maces & Flails
   105 | D        | Reached XP level 2. HP: 27/28 MP: 1/1
   105 | D        | Reached XP level 3. HP: 33/34 MP: 2/2
   110 | D        | Reached skill level 5 in Fighting
   110 | D        | Reached skill level 5 in Maces & Flails
   110 | D        | Reached skill level 5 in Armour
   110 | D        | Reached skill level 5 in Shields
   124 | D        | Killed a sky beast
   124 | D        | Reached skill level 7 in Maces & Flails
   124 | D        | Reached XP level 4. HP: 18/44 MP: 3/3
   124 | D        | Reached XP level 5. HP: 21/50 MP: 4/4
   291 | D        | Found a roughly hewn altar of Beogh.
   291 | D        | Found a snail-covered altar of Cheibriados.
   291 | D        | Found a shadowy altar of Dithmenos.
   291 | D        | Found a white marble altar of Elyvilon.
   291 | D        | Found a blossoming altar of Fedhas.
   291 | D        | Found an opulent altar of Gozag.
   292 | D        | Found a hazy altar of Hepliaklqana.
   293 | D        | Found a viscous altar of Jiyva.
   294 | D        | Found an ancient bone altar of Kikubaaqudgha.
   295 | D        | Found a corrupted altar of Lugonu.
   296 | D        | Found a burning altar of Makhleb.
   297 | D        | Found a sparkling altar of Nemelex Xobeh.
   298 | D        | Found an iron altar of Okawaru.
   299 | D        | Found a stormy altar of Qazlal.
   300 | D        | Found a sacrificial altar of Ru.
   301 | D        | Found a shimmering blue altar of Sif Muna.
   302 | D        | Found a bloodstained altar of Trog.
   303 | D        | Found a hide-covered altar of Uskayaw.
   304 | D        | Found a radiant altar of Vehumet.
   305 | D        | Found an ornate altar of the Wu Jian Council.
   306 | D        | Found a shimmering altar of Xom.
   307 | D        | Found a basalt altar of Yredelemnul.
   308 | D        | Found a glowing silver altar of Zin.
   309 | D        | Found a glowing golden altar of the Shining One.
   318 | D        | Found the +9 sword of Zonguldrok {reap}
   385 | D        | Got out of the dungeon alive.

Skill      XL: |  1  2  3 |
---------------+----------+-----
Maces & Flails | 4 7 |  7.5
Shields        | 4 6 |  6.3
Fighting       | 4 6 |  6.1
Dodging        | 2 4 |  4.2
Armour         | 4 6 |  6.1

Action                   |  1- 3 |  4- 6 || total
-------------------------+-------+-------++-------
Melee: Flail             |    38 |       ||    38
       Headbutt          |     6 |       ||     6
Armor: Scale mail        |    13 |       ||    13
Dodge: Dodged            |     6 |       ||     6
Block: Shield            |    20 |       ||    20
